 Dungeon Crawl Stone Soup version 0.27-a0-732-ga892ba84f6 (webtiles) character file.

Game seed: 1485440517183091173

674 sizableburger the Ducker (level 7, -2/53 HPs)
             Began as a Djinni Warper on Mar 23, 2021.
             Slain by a gnoll
             ... wielding a +0 flail
              (12 damage)
             ... on level 4 of the Dungeon.
             The game lasted 00:25:16 (7822 turns).

sizableburger the Ducker (Djinni Warper)            Turns: 7822, Time: 00:25:17

Health: -2/53      AC:  8    Str: 10    XL:     7   Next: 59%
Magic:  0/0        EV: 13    Int: 17    God:
Gold:   133        SH:  0    Dex: 12    Spells: 0/14 levels left

rFire    + + .     SeeInvis .   d - +3 whip
rCold    x . .     Faith    .   (no shield)
rNeg     . . .     Spirit   .   b - +0 leather armour
rPois    ∞         Reflect  .   (no helmet)
rElec    .         Harm     .   o - +0 cloak
rCorr    .         Rampage  .   (no gloves)
Will     .....                  (boots unavailable)
Stlth    +.........             (no amulet)
HPRegen  0.17/turn              f - +4 ring of protection
MPRegen  0.00/turn              r - ring of wizardry

@: flying
A: fire resistance 2, cold vulnerability 1, float, innate caster, hp casting,
extra vitality 1
a: no special abilities


You were on level 4 of the Dungeon.
You visited 1 branch of the dungeon, and saw 6 of its levels.

You collected 161 gold pieces.
You spent 28 gold pieces at shops.

Inventory:

Hand Weapons
 d - a +3 whip (weapon)
Missiles
 a - 5 boomerangs
 e - 4 boomerangs of dispersal
Armour
 b - a +0 leather armour (worn)
 o - a +0 cloak (worn)
Jewellery
 f - a +4 ring of protection (right hand)
 r - a ring of wizardry (left hand)
Wands
 n - a wand of flame (11)
Scrolls
 c - a scroll of vulnerability {unknown}
 i - a scroll of random uselessness {unknown}
 j - a scroll of torment {unknown}
 m - a scroll of silence {unknown}
Potions
 h - 3 potions of mutation


   Skills:
 + Level 4.4 Fighting
 + Level 4.0 Maces & Flails
 - Level 0.8 Throwing
 - Level 1.0 Armour
 + Level 4.8 Dodging
 + Level 4.2 Spellcasting


You couldn't memorise any spells.
You knew the following spells:

 Your Spells              Type           Power      Damage    Failure   Level
a - Blink                 Tloc           N/A        N/A       2%          2
b - Lesser Beckoning      Tloc           9%         N/A       4%          3
c - Gell's Gravitas       Tloc           9%         N/A       4%          3
d - Teleport Other        Tloc           18%        N/A       4%          3
e - Manifold Assault      Tloc           18%        N/A       14%         4
f - Sting                 Tmut/Pois      72%        1d6       1%          1
g - Corpse Rot            Necr/Air       N/A        N/A       2%          2
h - Summon Guardian Gole  Hex/Summ       18%        N/A       4%          3
Your spell library was empty.

Dungeon Overview and Level Annotations

Branches:
Dungeon (6/15)
 Temple: D:4-7

Altars:
Okawaru
Vehumet

Shops:
D:6 ?

Annotations:
D:5 Grinder


Innate Abilities, Weirdness & Mutations

You are immune to poison.
Your flesh is very heat resistant. (rF++)
You are vulnerable to cold. (rC-)
You float through the air rather than walking.
You learn spells naturally, not from books.
Your magical power is your life essence.
You have superior vitality. (+4 HP)


Message History

Press: ? - help, Shift-Dir - straight line, f/p - Ijyb
Aim: Ijyb, wielding a +0 dagger, wearing a +0 chain mail and carrying a wand of iceblast (3) (severely wounded, 32% to evade)
The puff of flame hits Ijyb!
You kill Ijyb!
The goblin hits you with a +0 club.
* * * LOW HITPOINT WARNING * * *
Your Maces & Flails skill increases to level 4!
You barely miss the goblin. The goblin hits you with a +0 club.
* * * LOW HITPOINT WARNING * * *
You closely miss the goblin. You closely miss the goblin.
The goblin hits you but does no damage.
You hit the goblin.
You kill the goblin!
You see here a +0 club.
You start resting.
An orc comes into view. It is wielding a +0 club.
A gnoll comes into view. It is wielding a +0 spear.
An orc is nearby!
A gnoll comes into view. It is wielding a +0 flail.
Casting: Teleport Other (dangerous; 4% risk of failure)
Confirm with . or Enter, or press ? or * to list all spells.
Aiming: Teleport Other (dangerous; 4% risk of failure)
Press: ? - help, Shift-Dir - straight line, f - gnoll
Aim: a gnoll, wielding a +0 spear (chance to affect: 65%)
Okay, then.
Okay, then.
An orc wizard comes into view. It is wielding a +0 dagger.
The orc wizard shouts!
You hear a shout!
The orc wizard points at you and mumbles some strange words.
You are confused.
Okay, then.
The gnoll shouts!
A gnoll comes into view. It is wielding a +0 club.
The gnoll enters a dispersal trap!
The gnoll blinks!
The orc blinks!
The gnoll blinks!
The orc wizard blinks! x3; You blink.
The gnoll blinks!
Found a stone staircase leading down.
You bump into the rock wall.
You feel less confused. The gnoll hits you with a +0 flail!
You die...

##.....§..##..
#<......#.#..#
##)......#....#
###.g....[.#....#
#.).#......#....#
#..g#.^.........#
###.§...)..#...
##.......#g#.
#######.g@# ##o>#
####


You could see 2 gnolls and an orc.

Vanquished Creatures
  An ogre (D:5)
  2 bullfrogs (D:6)
  2 hounds
  An iguana (D:6)
  Ijyb (D:4)
  3 orc wizards
  3 worker ants
  Robin (D:4)
  6 adders
  A white imp (D:6)
  6 worms
  A dart slug (D:3)
  12 orcs
  3 ball pythons
  10 bats
  5 giant cockroaches
  11 hobgoblins
  11 jackals
  7 kobolds
  7 oozes
  3 quokkas
  4 frilled lizards
  11 goblins
  9 rats
121 creatures vanquished.

Vanquished Creatures (others)
  An orc (D:4)
  6 plants
7 creatures vanquished.

Grand Total: 128 creatures vanquished

Notes
Turn   | Place    | Note
-------+----------+-------------------------------------------
     0 | D:1      | sizableburger the Djinni Warper began the quest for the
                  | Orb.
     0 | D:1      | Reached XP level 1. HP: 18/18 MP: 0/0
   351 | D:1      | Reached XP level 2. HP: 22/23 MP: 0/0
  1131 | D:1      | Reached XP level 3. HP: 25/29 MP: 0/0
  1131 | D:1      | Learned a level 1 spell: Sting
  1980 | D:2      | Reached XP level 4. HP: 14/34 MP: 0/0
  2314 | D:2      | Found an iron altar of Okawaru.
  2314 | D:2      | Found a radiant altar of Vehumet.
  2950 | D:2      | Found a faded altar of an unknown god.
  5114 | D:4      | Reached XP level 5. HP: 38/40 MP: 0/0
  5114 | D:4      | Learned a level 2 spell: Corpse Rot
  5608 | D:4      | Noticed Ijyb
  5640 | D:4      | Noticed Robin
  5657 | D:4      | Killed Robin
  6099 | D:4      | You are sucked into a shaft and drop 2 floors!
  6143 | D:6      | Reached XP level 6. HP: 42/46 MP: 0/0
  6372 | D:6      | Found Erauniwn's Magic Scroll Shoppe.
  6571 | D:6      | Bought a scroll of identify for 28 gold pieces
  6595 | D:5      | Entered Level 5 of the Dungeon
  6596 | D:5      | Noticed an ice beast
  6620 | D:5      | Reached XP level 7. HP: 28/52 MP: 0/0
  6620 | D:5      | Learned a level 3 spell: Summon Guardian Golem
  6626 | D:5      | Noticed Grinder
  6632 | D:5      | Paralysed by Grinder for 5 turns
  7733 | D:5      | Paralysed by Grinder for 2 turns
  7798 | D:4      | Killed Ijyb
  7822 | D:4      | Slain by a gnoll

Illustrated notes

Levels and vault maps discovered:
D:1:      mrwooster_arrival_arrow, layout_basic
D:2:      layout_loops_ring, nicolae_overflow_hidden_temple,
          chequers_ecumenical_altar_lobes, minmay_fountain_box
D:3:      wad_lake_hut, layout_basic, serial_bayou, serial_bayou_pond_e,
          serial_bayou_pond_a, serial_bayou_ford_a, serial_bayou_pond_d
D:4:      layout_rooms, uniq_ijyb, uniq_pikel, uniq_robin
D:5:      layout_cave_pools, uniq_grinder
D:6:      layout_rooms, serial_shops, shop

Skill      XL: |  1  2  3  4  5  6  7 |
---------------+----------------------+-----
Maces & Flails | 2 3 4 |  4.0
Spellcasting   | 3 4 |  4.2
Dodging        | 3 4 |  4.8
Fighting       | 3 4 |  4.4
Throwing       | |  0.8
Armour         | |  1.0

Action                   |  1- 3 |  4- 6 |  7- 9 || total
-------------------------+-------+-------+-------++-------
Melee: Mace              |   117 |    24 |       ||   141
       Whip              |       |    90 |    33 ||   123
Throw: Boomerang         |       |     1 |       ||     1
 Cast: Sting             |     3 |   118 |    34 ||   155
       Blink             |     1 |     5 |     1 ||     7
       Teleport Other    |     1 |     2 |     1 ||     4
       Gell's Gravitas   |       |       |     1 ||     1
Evoke: Wand              |       |       |     6 ||     6
  Use: Scroll            |     1 |     1 |       ||     2
       Potion            |       |       |     5 ||     5
Armor: Leather armour    |    57 |    55 |    18 ||   130
Dodge: Dodged            |    96 |    92 |    32 ||   220

Table legend: (Time is in decaauts)
 A = Elapsed time spent in this place.
 B = Non-inter-level travel time spent in this place.
 C = Inter-level travel time spent in this place.
 D = Time resting spent in this place.
 E = Time spent auto-exploring this place.
 F = Levels seen in this place.
 G = Mean time per level.
                   A        B        C        D        E       F      G
               +--------+--------+--------+--------+--------+-----+--------+
         Total |   7847 |   7084 |    763 |   2981 |   3028 |   6 | 1307.8 |
       Dungeon |   7847 |   7084 |    763 |   2981 |   3028 |   6 | 1307.8 |
               +--------+--------+--------+--------+--------+-----+--------+

Top non-repeatable levels by time:
     D:2: 1801 daAuts
     D:1: 1800 daAuts
     D:6: 1590 daAuts
     D:3: 1542 daAuts
     D:4: 1039 daAuts
     D:5: 71 daAuts
